[Event "Team 45 45 League T41"]
[Site "Internet Chess Club"]
[Date "2009.05.29"]
[Round "5"]
[White "mcplayerus"]
[Black "bgolev"]
[Result "1-0"]
[WhiteElo "2020"]
[BlackElo "1840"]
[Opening "Queen's pawn game, Darooha variation "]
[ECO "D11"]
[Time "20:02:25"]
[TimeControl "2700+45"]

1. d4 Nf6 2. Nf3 d5 3. c4 c6 4. g3 Bf5 5. Bg2 h6 6. O-O e6 7. Nc3 Bd6 8. Ne5 O-O
9. cxd5 exd5 10. Nd3 Nbd7 11. Bf4 Qc7 12. Rc1 Bxf4 13. Nxf4 Qd6 14. Qd2 Rfe8 15.
e3 Re7 16. a3 Nb6 17. Ra1 Nc4 18. Qc1 Rc8 19. b3 Na5 20. Qb2 a6 21. Rfd1 Rce8
22. Nd3 Ne4 23. Nxe4 Bxe4 24. Bxe4 Rxe4 25. Rdb1 Rg4 26. Qd2 Qc7 27. Ne5 Rg5 28.
Ra2 Rf5 29. Rc2 Rf6 30. b4 Nc4 31. Nxc4 dxc4 32. Rxc4 Qd6 33. Rbc1 h5 34. h4 Qe6
35. Rc5 g6 36. Re5 Qd7 37. Rcc5 Rfe6 38. Rxe6 Rxe6 39. Qc1 Re7 40. Qd1 Kg7 41.
Qf3 Re6 42. Qf4 b6 43. Rc1 Rd6 44. Qe5+ f6 45. Qf4 Rd5 46. Qf3 Qe6 47. Ra1 Rf5
48. Qe2 a5 49. Qd2 g5 50. hxg5 Rxg5 51. bxa5 bxa5 52. Kh2 Qe4 53. f4 Rb5 54. Qg2
Qxe3 55. Rf1 Rb3 56. a4 Qxd4 57. Qxc6 Rc3 58. Qe6 Re3 59. Qf5 Kh6 60. Kh3 Qc3
61. Rg1 Re8 62. Kh4 Qd4 63. Rc1 Re7 64. Rc8 Kg7 65. Qxh5 Re1 66. Rc7+ {Black
resigns} 1-0

[Event "Team 45 45 League T41"]
[Site "Internet Chess Club"]
[Date "2009.05.30"]
[Round "5"]
[White "Alphalegacy"]
[Black "DeLaSalle"]
[Result "0-1"]
[WhiteElo "1865"]
[BlackElo "2124"]
[Opening "KP: Nimzovich defense"]
[ECO "B00"]
[Time "16:00:50"]
[TimeControl "2700+45"]

1. e4 Nc6 2. d4 d5 3. e5 f6 4. f4 Nh6 5. Nf3 Bf5 6. c3 e6 7. Bd3 Be4 8. Bxe4
dxe4 9. Nfd2 f5 10. Nc4 Qh4+ 11. g3 Qh3 12. Ne3 O-O-O 13. Nd2 Nf7 14. a4 g5 15.
Qe2 gxf4 16. gxf4 Be7 17. Qg2 Qxe3+ {White resigns} 0-1

[Event "Team 45 45 League T41"]
[Site "Internet Chess Club"]
[Date "2009.05.30"]
[Round "5"]
[White "Kurukshetra"]
[Black "room-matt"]
[Result "1-0"]
[WhiteElo "1749"]
[BlackElo "1772"]
[Opening "English opening"]
[ECO "A17"]
[Time "11:05:06"]
[TimeControl "2700+45"]

1. c4 Nf6 2. Nc3 e6 3. g3 Bb4 4. Bg2 O-O 5. Nf3 d5 6. cxd5 exd5 7. d4 Bf5 8. O-O
Re8 9. Bg5 c6 10. a3 Be7 11. Qb3 b6 12. Rac1 h6 13. Bf4 Nbd7 14. Rfe1 Nh5 15.
Be5 f6 16. e4 Bg6 17. Bf4 Nxf4 18. gxf4 Bf7 19. e5 Bf8 20. Qc2 Rc8 21. Bh3 Bh5
22. Qd3 Rc7 23. Ne2 g6 24. Ng3 Bxf3 25. Qxf3 f5 26. Kh1 Nb8 27. Rg1 Rg7 28. b4
Qd7 29. Qb3 Kh8 30. Bxf5 gxf5 31. Nh5 Rxg1+ 32. Rxg1 Re7 33. Nf6 Qe6 34. Rg8+
Qxg8 35. Nxg8 Kxg8 36. Qg3+ Rg7 37. Qh3 Rf7 38. Kg1 Rg7+ 39. Kf1 Rf7 40. Ke2 Bg7
41. Qh4 Rf8 42. Qe7 a6 43. a4 Kh7 44. h4 Kg6 45. b5 axb5 46. axb5 cxb5 47. Qd6+
Kh5 48. Qxd5 b4 49. Qb7 Bh8 50. Qxb6 Rg8 51. Qb5 Kxh4 52. d5 Kg4 53. d6 Rd8 54.
Qxb4 Nd7 55. e6 Re8 56. e7 Nf6 57. f3+ Kh5 58. Qb5 Kg6 59. Qxe8+ Nxe8 60. d7 Kf7
61. d8=Q {Black resigns} 1-0

[Event "Team 45 45 League T41"]
[Site "Internet Chess Club"]
[Date "2009.05.30"]
[Round "5"]
[White "nardz"]
[Black "Stryker672"]
[Result "1-0"]
[WhiteElo "2097"]
[BlackElo "1827"]
[Opening "Trompowsky attack (Ruth, Opocenský opening)"]
[ECO "A45"]
[Time "19:00:07"]
[TimeControl "2700+45"]

1. d4 Nf6 2. Bg5 Ne4 3. Bf4 d5 4. Nf3 e6 5. e3 Bd6 6. Bxd6 Qxd6 7. c3 Nd7 8. Bd3
Ndf6 9. Nbd2 Nxd2 10. Qxd2 O-O 11. O-O b6 12. a4 c5 13. b4 cxb4 14. cxb4 Bb7 15.
a5 Ne4 16. Qb2 Rac8 17. Rfc1 Rxc1+ 18. Rxc1 Rc8 19. Rxc8+ Bxc8 20. Qc2 Bd7 21.
Bxe4 dxe4 22. Qxe4 Bc6 23. Qe5 Qxb4 24. Qb8+ Qf8 25. Qxa7 bxa5 26. Qxa5 Bxf3 27.
gxf3 h6 28. Qc5 Qd8 29. e4 Qf6 30. Kg2 Qg6+ 31. Kf1 Kh8 32. h4 Qf6 33. Ke2 Qf4
34. Qe7 g5 35. hxg5 hxg5 36. Qc5 Kg8 37. Qc8+ Kg7 38. Qc3 Qd6 39. d5+ Kg6 40.
Qc6 Qe5 41. d6 Kf6 42. Kf1 Qd4 43. Kg2 Qd1 44. Qc5 g4 45. e5+ Kg7 46. Qe3 Qd5
47. Qg5+ Kf8 48. Qd8+ Kg7 49. Qf6+ Kf8 50. Qh8# {Black checkmated} 1-0

[Event "Team 45 45 League T41"]
[Site "Internet Chess Club"]
[Date "2009.05.31"]
[Round "5"]
[White "markgravitygood"]
[Black "QueensCounselor"]
[Result "1/2-1/2"]
[WhiteElo "1913"]
[BlackElo "1997"]
[Opening "Sicilian: Canal-Sokolsky attack, 3...Bd7"]
[ECO "B52"]
[Time "13:00:38"]
[TimeControl "2700+45"]

1. e4 c5 2. Nf3 d6 3. Bb5+ Bd7 4. Bxd7+ Nxd7 5. O-O Ngf6 6. Qe2 e6 7. b3 Be7 8.
Bb2 O-O 9. c4 Re8 10. d4 cxd4 11. Nxd4 Nc5 12. Nd2 Qb6 13. Nc2 d5 14. e5 Nfd7
15. Bd4 Qc7 16. Rac1 dxc4 17. Nxc4 Rac8 18. N2e3 b5 19. Nd2 Qb7 20. f4 a5 21.
Nf3 Rc7 22. f5 Rec8 23. Bb2 Qe4 24. Rcd1 b4 25. Rd4 Qb7 26. Rf4 Ne4 27. fxe6
fxe6 28. Nc4 Nc3 29. Bxc3 bxc3 30. Qd3 Qa7+ 31. Kh1 Nb6 32. Nd4 Nxc4 33. bxc4
Rxc4 34. Nxe6 Rxf4 35. Nxf4 Bb4 36. Ne6 Qe7 37. Qd5 Kh8 38. Nd4 Rf8 39. Nf3 Qc5
40. Qxc5 Bxc5 41. Rc1 Rd8 42. g3 Rd3 43. Ne1 Re3 44. Ng2 Rd3 45. Nf4 Re3 46. Ng2
Rxe5 47. Rxc3 g5 48. a4 h5 49. h4 Kg7 50. hxg5 Rxg5 51. Nf4 Kf6 {Game drawn by
mutual agreement} 1/2-1/2

[Event "Team 45 45 League T41"]
[Site "Internet Chess Club"]
[Date "2009.05.31"]
[Round "5"]
[White "livis"]
[Black "tsia68"]
[Result "0-1"]
[WhiteElo "2018"]
[BlackElo "1905"]
[Opening "French: exchange variation"]
[ECO "C01"]
[Time "15:00:25"]
[TimeControl "2700+45"]

1. e4 e6 2. d4 d5 3. exd5 exd5 4. h3 Bd6 5. Bd3 Ne7 6. Bg5 f6 7. Bd2 g6 8. Nc3
c6 9. Qe2 O-O 10. O-O-O Bf5 11. g4 Bxd3 12. cxd3 Qd7 13. h4 Na6 14. Re1 Kf7 15.
Nf3 Rfe8 16. Be3 Rac8 17. h5 g5 18. Bxg5 fxg5 19. Nxg5+ Kg8 20. Ne6 Nc7 21. Nxc7
Bxc7 22. Qd2 Qd6 23. Re5 Qf6 24. g5 Qf3 25. Rhe1 Bxe5 26. Rxe5 Nf5 27. g6 Rxe5
28. dxe5 Qxh5 29. gxh7+ Kxh7 30. a3 Rg8 31. Kb1 Rg1+ 32. Ka2 Qg5 33. Qe2 Qg4 34.
Qc2 Qf3 35. Qa4 Qxd3 36. Qxa7 Qc4+ 37. b3 Qxc3 38. Qxb7+ Kg6 {White resigns} 0-1

[Event "Team 45 45 League T41"]
[Site "Internet Chess Club"]
[Date "2009.06.01"]
[Round "5"]
[White "bogolijubov"]
[Black "fileman"]
[Result "1/2-1/2"]
[WhiteElo "1850"]
[BlackElo "1896"]
[Opening "Scotch: Mieses variation"]
[ECO "C45"]
[Time "15:18:24"]
[TimeControl "2700+45"]

1. e4 Nc6 2. d4 e5 3. Nf3 exd4 4. Nxd4 Nf6 5. Nxc6 bxc6 6. e5 Qe7 7. Qe2 Nd5 8.
c4 Ba6 9. b3 Qh4 10. a3 Bc5 11. g3 Bxf2+ 12. Qxf2 Qe4+ 13. Kd2 Qxh1 14. Bg2 Qxh2
15. cxd5 cxd5 16. Bb2 c6 17. Nc3 Qh6+ 18. Qf4 Qxf4+ 19. gxf4 O-O 20. Na4 Rfe8
21. Nc5 Bc8 22. Bh3 Rd8 23. Rg1 g6 24. f5 d6 25. exd6 Rxd6 26. Be5 Rd8 27. Rg3
Re8 28. Bd4 Rb8 29. fxg6 fxg6 30. Nd7 Bxd7 31. Bxd7 Re4 32. Bxa7 Rd8 33. Bxc6
Re6 34. Bb5 h5 35. Bc5 Kh7 36. Re3 Rxe3 37. Kxe3 g5 38. Be7 Rb8 39. Bd3+ Kh6 40.
Bd6 Rd8 41. Bc5 h4 42. Bf5 {Game drawn by mutual agreement} 1/2-1/2

[Event "Team 45 45 League T41"]
[Site "Internet Chess Club"]
[Date "2009.05.30"]
[Round "5"]
[White "Portola"]
[Black "cknights"]
[Result "0-1"]
[WhiteElo "1708"]
[BlackElo "1905"]
[Opening "Queen's bishop game"]
[ECO "D02"]
[Time "21:00:07"]
[TimeControl "2700+45"]

1. d4 d5 2. Nf3 Nf6 3. Bf4 e6 4. h3 Bd6 5. Bxd6 Qxd6 6. c3 c5 7. e3 O-O 8. Bd3
Nc6 9. O-O Bd7 10. Nbd2 Rfe8 11. Bb5 Nxd4 12. Nxd4 cxd4 13. Bxd7 Qxd7 14. exd4
e5 15. Nf3 exd4 16. cxd4 Ne4 17. Ne5 Qb5 18. b3 f6 19. Ng4 Nc3 20. Qf3 Ne2+ 21.
Kh2 Re4 22. g3 Nxd4 23. Qd1 Rd8 24. Rc1 f5 25. Ne3 Qa5 26. Qh5 g6 27. Qg5 Nf3+
{White resigns} 0-1

[Event "Team 45 45 League T41"]
[Site "Internet Chess Club"]
[Date "2009.05.31"]
[Round "5"]
[White "RingLord"]
[Black "rubo"]
[Result "0-1"]
[WhiteElo "1674"]
[BlackElo "1734"]
[Opening "English: symmetrical variation"]
[ECO "A30"]
[Time "15:00:18"]
[TimeControl "2700+45"]

1. c4 c5 2. g3 Nf6 3. Bg2 g6 4. Nc3 Bg7 5. a3 Nc6 6. Rb1 O-O 7. b4 cxb4 8. axb4
d6 9. Nf3 a6 10. Qc2 Bg4 11. O-O Bxf3 12. Bxf3 Nd4 13. Qd3 Nxf3+ 14. Qxf3 Qc7
15. d3 b5 16. Nd5 Nxd5 17. Qxd5 bxc4 18. dxc4 Rfc8 19. c5 dxc5 20. bxc5 Qxc5 21.
Qb7 a5 22. Be3 Qc7 23. Rfd1 a4 24. Bd4 Qxb7 25. Rxb7 Rd8 26. e3 e5 27. Rc1 exd4
28. Rcc7 d3 29. Rxf7 Bb2 {White resigns} 0-1

[Event "Team 45 45 League T41"]
[Site "Internet Chess Club"]
[Date "2009.05.30"]
[Round "5"]
[White "g8wrb"]
[Black "dougmo"]
[Result "1-0"]
[WhiteElo "1504"]
[BlackElo "1529"]
[Opening "French: Tarrasch, closed variation, main line"]
[ECO "C06"]
[Time "07:01:03"]
[TimeControl "2700+45"]

1. e4 e6 2. d4 d5 3. Nd2 Nf6 4. e5 Nfd7 5. Bd3 c5 6. c3 Nc6 7. Ne2 cxd4 8. cxd4
Be7 9. O-O O-O 10. f4 f5 11. Nf3 Nb6 12. a3 Bd7 13. b3 Rc8 14. Bd2 Be8 15. Ng3
Nd7 16. Ne2 Bh5 17. Qb1 Bxf3 18. Rxf3 Qb6 19. Qb2 Rf7 20. h3 Nf8 21. Rc1 Qd8 22.
Kh2 Kh8 23. g3 g5 24. g4 fxg4 25. hxg4 gxf4 26. Nxf4 Rg7 27. Rg1 Bg5 28. Kh3 h6
29. Rg2 Qb6 30. Bc3 Na5 31. Bb4 Nc6 32. Bc5 Qd8 33. Bxf8 Qxf8 34. Ng6+ Rxg6 35.
Rxf8+ Rxf8 36. Bxg6 {Black resigns} 1-0

[Event "Team 45 45 League T41"]
[Site "Internet Chess Club"]
[Date "2009.05.30"]
[Round "5"]
[White "werty"]
[Black "AtomicDog"]
[Result "1-0"]
[WhiteElo "1525"]
[BlackElo "1309"]
[Opening "Colle system"]
[ECO "D05"]
[Time "11:00:06"]
[TimeControl "2700+45"]

1. d4 d5 2. Nf3 Nf6 3. e3 e6 4. Bd3 c5 5. c3 Be7 6. Nbd2 O-O 7. dxc5 Bxc5 8. O-O
Nbd7 9. e4 dxe4 10. Nxe4 Nxe4 11. Bxe4 Nf6 12. Bc2 b6 13. Bg5 Qxd1 14. Raxd1 Bb7
15. Bxf6 gxf6 16. Rd2 Kh8 17. Rfd1 Rg8 18. Kf1 Bd5 19. b3 Rg7 20. Nh4 Rag8 21.
f3 Be3 22. Re2 Bc5 23. Red2 Be7 24. Be4 f5 25. Nxf5 Bxe4 26. Nxg7 {Black
resigns} 1-0

[Event "Team 45 45 League T41"]
[Site "Internet Chess Club"]
[Date "2009.05.31"]
[Round "5"]
[White "Monsieur"]
[Black "Victorianum"]
[Result "0-1"]
[WhiteElo "1621"]
[BlackElo "1765"]
[Opening "Benoni defense"]
[ECO "A56"]
[Time "05:00:49"]
[TimeControl "2700+45"]

1. d4 Nf6 2. c4 c5 3. Nc3 cxd4 4. Qxd4 Nc6 5. Qd1 g6 6. g3 Bg7 7. Bg2 O-O 8. Nf3
d6 9. O-O Be6 10. Nd5 Na5 11. Ng5 Nxc4 12. Nxe6 fxe6 13. Nc3 Rb8 14. Rb1 Kh8 15.
b3 Nb6 16. Nb5 a6 17. Nd4 Qd7 18. Be3 Nbd5 19. Bh3 Nc3 20. Qd3 Nxb1 21. Bxe6 Qe8
22. Rxb1 Nd7 23. b4 Ne5 24. Qb3 Nc6 25. Rd1 Nxd4 26. Rxd4 Bxd4 27. Bxd4+ Rf6 28.
Qb2 Kg7 29. g4 Kh6 30. g5+ Kxg5 31. Be3+ Kh5 32. Bh3 g5 33. Qd4 Kg6 34. Qe4+ Kg7
35. Bf5 Rxf5 36. Qxf5 Qg6 37. Qd5 b5 38. Bd4+ Kf8 39. Be3 h6 40. Qd4 e5 41. Qa7
Qb1+ 42. Kg2 Qe4+ 43. f3 Qb7 44. Qxb7 Rxb7 45. Kg3 Kg7 46. Kf2 Kf6 47. Ke1 Rc7
48. Kd2 Rc4 49. a3 Kf5 50. Kd3 d5 51. Bd2 Rh4 52. Be1 Rxh2 53. e4+ dxe4+ 54.
fxe4+ Kf4 {White resigns} 0-1

[Event "Team 45 45 League T41"]
[Site "Internet Chess Club"]
[Date "2009.06.01"]
[Round "5"]
[White "BotanicalKnight"]
[Black "crankn8tr"]
[Result "0-1"]
[WhiteElo "1543"]
[BlackElo "1532"]
[Opening "Sicilian: closed, 6.f4"]
[ECO "B25"]
[Time "21:34:10"]
[TimeControl "2700+45"]

1. e4 c5 2. Nc3 Nc6 3. g3 g6 4. Bg2 Bg7 5. d3 d6 6. f4 Nf6 7. Nf3 O-O 8. O-O Rb8
9. a3 Qb6 10. Kh1 Nd4 11. Ne2 Bd7 12. e5 dxe5 13. Nxe5 Be6 14. Rb1 Bd5 15. Bxd5
Nxd5 16. Nd7 Qe6 17. Nxb8 Nxe2 18. Re1 Ndc3 19. bxc3 Qd5# {White checkmated} 0-1

[Event "Team 45 45 League T41"]
[Site "Internet Chess Club"]
[Date "2009.05.31"]
[Round "5"]
[White "john-beebs"]
[Black "chesskix"]
[Result "1-0"]
[WhiteElo "1534"]
[BlackElo "1495"]
[Opening "Sicilian: Labourdonnais-Löwenthal variation"]
[ECO "B32"]
[Time "15:00:07"]
[TimeControl "2700+45"]

1. e4 c5 2. Nf3 Nc6 3. d4 cxd4 4. Nxd4 e5 5. Nxc6 bxc6 6. Nc3 Nf6 7. Bg5 Be7 8.
Bc4 O-O 9. Qf3 Bb7 10. Qg3 Qa5 11. Bh6 g6 12. Bxf8 Nxe4 13. Qe3 Nxc3 14. Bxe7
Nd5+ 15. Qd2 Qxd2+ 16. Kxd2 Nxe7 17. Rhe1 d6 18. Rad1 Nd5 19. Kc1 Kg7 20. g3 f5
21. h4 h5 22. Rd3 e4 23. Rb3 Nb6 24. f3 d5 25. Bf1 Bc8 26. fxe4 dxe4 27. Rc3 Bd7
28. Rc5 Kf6 29. b3 a5 30. Rd1 Nd5 31. Bc4 e3 32. Bxd5 cxd5 33. Rdxd5 e2 34. Re5
a4 35. Rxe2 axb3 36. axb3 Ra1+ 37. Kb2 Rg1 38. Rd2 Be6 39. Rd3 Rg2 40. Rc6 Kf7
41. b4 f4 42. b5 Rxg3 43. Rcc3 Rxd3 44. Rxd3 Bc4 45. b6 Ba6 46. Rf3 Ke6 47. Rxf4
Ke5 48. Rb4 Kd5 49. c4+ Kc6 50. Kc3 Bb7 51. Kd4 Kd6 52. c5+ Ke6 53. Rc4 Bc6 54.
Rc3 Kf5 55. Rg3 Kf6 56. Rg5 Bb7 57. Rg1 Kf5 58. Rf1+ Kg4 59. Rf7 Bc6 60. Rf6 Bb7
61. Rxg6+ Kxh4 62. c6 Bxc6 63. Rxc6 Kg3 64. b7 {Black resigns} 1-0

[Event "Team 45 45 League T41"]
[Site "Internet Chess Club"]
[Date "2009.05.31"]
[Round "5"]
[White "koni"]
[Black "AMAV"]
[Result "1/2-1/2"]
[WhiteElo "1899"]
[BlackElo "2089"]
[Opening "English: symmetrical, hedgehog system"]
[ECO "A05"]
[Time "10:13:08"]
[TimeControl "2700+45"]

1. Nf3 Nf6 2. c4 e6 3. Nc3 c5 4. g3 b6 5. Bg2 Bb7 6. O-O Be7 7. Re1 O-O 8. e4 d6
9. d4 cxd4 10. Nxd4 Qc7 11. Be3 Qxc4 12. Rc1 Qa6 13. Ncb5 Ne8 14. Qb3 Bf6 15.
Rc4 Nd7 16. Ra4 Nc5 17. Rxa6 Nxb3 18. Ra3 Nxd4 19. Nxd4 Bxd4 20. Bxd4 Nc7 21.
Rd3 d5 22. exd5 Bxd5 23. Rc1 Bxg2 24. Rxc7 Bd5 25. a3 Rfc8 26. Rdc3 Rxc7 27.
Rxc7 Bf3 28. h4 f6 29. Be3 Rd8 30. Rc1 Kf7 31. Kf1 Ke7 32. Ke1 Kd7 33. Bd2 Rc8
34. Rxc8 Kxc8 35. Bb4 Kd7 36. Kd2 Kc6 37. Ke3 Bg2 38. Bf8 g6 39. Bg7 f5 40. Kf4
Kd5 41. Bc3 b5 42. Bg7 Kc4 43. Bf6 Kb3 44. Kg5 b4 45. axb4 Kxb4 46. Kh6 Bf3 47.
Kxh7 Bh5 48. Kh6 Kc4 49. Kg5 Kd5 50. Kf4 a6 {Game drawn by mutual agreement}
1/2-1/2

[Event "Team 45 45 League T41"]
[Site "Internet Chess Club"]
[Date "2009.05.31"]
[Round "5"]
[White "playwaycool"]
[Black "Paulkov"]
[Result "0-1"]
[WhiteElo "2091"]
[BlackElo "1885"]
[Opening "Trompowsky attack (Ruth, Opocenský opening)"]
[ECO "A45"]
[Time "22:31:45"]
[TimeControl "2700+45"]

1. d4 Nf6 2. Bg5 c5 3. Bxf6 gxf6 4. d5 Qb6 5. Qc1 f5 6. c3 Na6 7. g3 Nc7 8. Bg2
Bh6 9. e3 e6 10. dxe6 fxe6 11. Ne2 d5 12. O-O Bd7 13. a4 O-O-O 14. a5 Qa6 15.
Re1 Rhg8 16. Nf4 Qd6 17. Rd1 Bc6 18. Qc2 e5 19. Nd3 e4 20. Nf4 Bxf4 21. exf4 Kb8
22. Na3 Qe7 23. b4 cxb4 24. cxb4 Qxb4 25. Rab1 Qd6 26. Nc4 Qc5 27. Ne3 Qxc2 28.
Nxc2 Ba4 29. Nd4 Bxd1 30. Nc6+ Ka8 31. Nxd8 Rxd8 32. Rxd1 d4 33. g4 Nb5 34. gxf5
Nc3 35. Rd2 b5 36. axb6 axb6 37. f6 Kb7 38. f7 Kc6 39. Rb2 Rf8 40. Rd2 Kc5 41.
Rc2 Rxf7 42. Bxe4 Kc4 43. Kf1 b5 44. f5 b4 45. f3 b3 46. Rd2 Nxe4 47. fxe4 Kc3
48. Ke2 Re7 49. Rd3+ Kc4 50. Rf3 b2 51. Rf1 Rxe4+ 52. Kf3 Re3+ 53. Kf4 Rb3 54.
Rb1 Kd3 55. Ke5 Rb5+ 56. Kd6 Kc2 57. Rf1 b1=Q 58. Rxb1 Rxb1 59. f6 d3 60. f7 Rf1
61. Ke7 Rxf7+ 62. Kxf7 d2 63. Kg7 d1=Q 64. Kxh7 Qh5+ {White resigns} 0-1

[Event "Team 45 45 League T41"]
[Site "Internet Chess Club"]
[Date "2009.05.31"]
[Round "5"]
[White "SneakyRed"]
[Black "Gregorio"]
[Result "0-1"]
[WhiteElo "1918"]
[BlackElo "2046"]
[Opening "Giuoco Piano"]
[ECO "C54"]
[Time "11:08:15"]
[TimeControl "2700+45"]

1. e4 e5 2. Nf3 Nc6 3. Bc4 Bc5 4. c3 Nf6 5. d3 h6 6. Nbd2 O-O 7. O-O Re8 8. Re1
d6 9. Nf1 Bg4 10. Ng3 Na5 11. Bb5 c6 12. Ba4 b5 13. Bc2 Bb6 14. h3 Bd7 15. Nh4
d5 16. b4 Nb7 17. Nhf5 dxe4 18. dxe4 Be6 19. Qf3 Nh7 20. Rd1 Qc8 21. Qg4 g6 22.
Nxh6+ Kh8 23. Qf3 f6 24. Bb3 Bxb3 25. axb3 Qe6 26. Ng4 a5 27. Be3 Bxe3 28. Qxe3
f5 29. exf5 gxf5 30. Nh2 f4 31. Qb6 fxg3 32. Qxb7 gxh2+ 33. Kxh2 Rab8 34. Qa7
axb4 35. Rd7 Nf6 36. Rf7 Rf8 37. Rc7 bxc3 38. Qe3 Nd5 39. Raa7 Nxc7 40. Rxc7 Qf6
41. Qxc3 Qf4+ 42. Kh1 Rbd8 43. Qc2 e4 44. Rxc6 Qxf2 45. Qc3+ Qd4 46. Qg3 Rf1+
47. Kh2 Qg1# {White checkmated} 0-1

[Event "Team 45 45 League T41"]
[Site "Internet Chess Club"]
[Date "2009.05.31"]
[Round "5"]
[White "b-spot"]
[Black "Rainbird"]
[Result "1-0"]
[WhiteElo "1694"]
[BlackElo "1733"]
[Opening "Nimzo-Indian: classical variation"]
[ECO "E32"]
[Time "19:00:23"]
[TimeControl "2700+45"]

1. d4 Nf6 2. c4 e6 3. Nc3 Bb4 4. Qc2 O-O 5. e4 d6 6. e5 dxe5 7. dxe5 Nfd7 8. Nf3
h6 9. a3 Bxc3+ 10. Qxc3 b6 11. Be2 Bb7 12. O-O Nc6 13. Bf4 Qe7 14. b4 a5 15. b5
Ncb8 16. Qe3 Qc5 17. Bxh6 gxh6 18. Qxh6 Nxe5 19. Ng5 Re8 20. Bd3 Nbd7 21. Bh7+
Kh8 22. Bg6+ {Black resigns} 1-0

[Event "Team 45 45 League T41"]
[Site "Internet Chess Club"]
[Date "2009.05.28"]
[Round "5"]
[White "therealwizard"]
[Black "ChessStudent"]
[Result "1-0"]
[WhiteElo "2282"]
[BlackElo "2047"]
[Opening "Philidor: Improved Hanham variation"]
[ECO "C41"]
[Time "13:58:11"]
[TimeControl "2700+45"]

1. e4 e5 2. Nf3 d6 3. d4 Nf6 4. Nc3 Nbd7 5. Bc4 Be7 6. O-O O-O 7. Re1 c6 8. a4
a5 9. b3 exd4 10. Nxd4 Re8 11. Nf5 Nc5 12. Nxe7+ Rxe7 13. e5 d5 14. exf6 Rxe1+
15. Qxe1 dxc4 16. Ba3 Ne6 17. Be7 Qb6 18. bxc4 Qd4 19. Rd1 Qxc4 20. fxg7 Qg4 21.
Ne4 Kxg7 22. Qc3+ Kh6 23. Bg5+ Nxg5 24. Qf6+ Kh5 25. Ng3+ Kh4 26. Qh6+ Qh5 27.
Qxh5# {Black checkmated} 1-0

[Event "Team 45 45 League T41"]
[Site "Internet Chess Club"]
[Date "2009.05.29"]
[Round "5"]
[White "tc66062"]
[Black "alexdb"]
[Result "0-1"]
[WhiteElo "1791"]
[BlackElo "1990"]
[Opening "Scotch: Schmidt variation"]
[ECO "C45"]
[Time "16:25:05"]
[TimeControl "2700+45"]

1. e4 e5 2. Nf3 Nc6 3. d4 exd4 4. Nxd4 Nf6 5. Nxc6 bxc6 6. Bd3 d6 7. O-O Be7 8.
Bf4 O-O 9. Nc3 Re8 10. Re1 Nd7 11. Bc4 Ne5 12. Bxe5 dxe5 13. Qxd8 Rxd8 14. Rad1
Bg4 15. Be2 Be6 16. a3 Rab8 17. Rxd8+ Rxd8 18. h3 Rb8 19. Nd1 Bg5 20. b3 Bd2 21.
Rf1 Bc1 22. a4 Rd8 23. Bd3 Bxb3 24. cxb3 Rxd3 25. f3 Rxb3 26. Kf2 Ra3 27. Re1
Kf8 28. Ne3 Bxe3+ 29. Rxe3 Rxa4 30. Rc3 Ra6 31. Ke3 Ke7 32. Kd3 Kd6 33. Kc4 Ra4+
34. Kb3 Rd4 35. Kc2 a5 36. Ra3 a4 37. Rc3 c5 38. Kc1 h5 39. Rc2 c4 40. Kb2 Kc5
41. Ka3 Rd1 42. Ka2 Rd3 43. Kb2 Kb4 44. h4 c3+ 45. Kc1 a3 46. Kb1 Kb3 47. Rc1
c2+ 48. Rxc2 Rd1+ 49. Rc1 a2+ 50. Ka1 Rxc1# {White checkmated} 0-1

[Event "Team 45 45 League T41"]
[Site "Internet Chess Club"]
[Date "2009.05.28"]
[Round "5"]
[White "Wheels"]
[Black "JoePio"]
[Result "1-0"]
[WhiteElo "2029"]
[BlackElo "1905"]
[Opening "Caro-Kann: exchange, Rubinstein variation"]
[ECO "B13"]
[Time "21:00:11"]
[TimeControl "2700+45"]

1. e4 c6 2. d4 d5 3. exd5 cxd5 4. Bd3 Nf6 5. c3 Nc6 6. Bf4 Bg4 7. Qb3 Qb6 8.
Qxb6 axb6 9. Nd2 e6 10. Ngf3 Kd7 11. O-O Bd6 12. Ne5+ Bxe5 13. Bxe5 Ke7 14. h3
Bh5 15. Bg3 Ra7 16. f4 Re8 17. f5 exf5 18. Bxf5 Raa8 19. a3 Bg6 20. Bxg6 hxg6
21. Bh4 Na5 22. Rae1+ Kf8 23. Bxf6 gxf6 24. Rxe8+ Rxe8 25. Rxf6 Re2 26. Rf2 Re1+
27. Rf1 Re2 28. Rf2 Re1+ 29. Kh2 Ke7 30. Nf3 Rb1 31. Ne5 f6 32. Nxg6+ Kf7 33.
Nf4 {Black resigns} 1-0

[Event "Team 45 45 League T41"]
[Site "Internet Chess Club"]
[Date "2009.05.31"]
[Round "5"]
[White "kenjr"]
[Black "giltar"]
[Result "1/2-1/2"]
[WhiteElo "1897"]
[BlackElo "1815"]
[Opening "Levitsky attack (Queen's bishop attack)"]
[ECO "D00"]
[Time "15:00:09"]
[TimeControl "2700+45"]

1. d4 d5 2. Bg5 h6 3. Bh4 c6 4. e3 Qb6 5. Qc1 Bf5 6. Nd2 e6 7. c4 Be7 8. c5 Qd8
9. Bxe7 Nxe7 10. Ngf3 Nd7 11. b4 O-O 12. Be2 Ng6 13. O-O e5 14. Nxe5 Ngxe5 15.
dxe5 Nxe5 16. Qc3 Re8 17. Nf3 Qf6 18. Nxe5 Qxe5 {Game drawn by mutual agreement}
1/2-1/2

[Event "Team 45 45 League T41"]
[Site "Internet Chess Club"]
[Date "2009.05.27"]
[Round "5"]
[White "budugu"]
[Black "nobull"]
[Result "1-0"]
[WhiteElo "1648"]
[BlackElo "1504"]
[Opening "Ruy Lopez: 5.O-O"]
[ECO "C78"]
[Time "00:32:58"]
[TimeControl "2700+45"]

1. e4 e5 2. Nf3 Nc6 3. Bb5 a6 4. Ba4 Nf6 5. O-O b5 6. Bb3 Be7 7. c3 Nxe4 8. Bd5
Nf6 9. Bxc6 dxc6 10. Nxe5 Qd5 11. d4 O-O 12. Qf3 Bb7 13. Bg5 Rae8 14. Qxd5 cxd5
15. Bxf6 Bxf6 16. Nd7 Be7 17. Nxf8 Kxf8 18. Nd2 Bc8 19. Rae1 Be6 20. Nf3 h6 21.
Ne5 Bd6 22. Re2 Bf5 23. Rfe1 f6 24. g4 Bh7 25. Nd7+ Kf7 26. Rxe8 Be4 27. Ra8
{Black resigns} 1-0

[Event "Team 45 45 League T41"]
[Site "Internet Chess Club"]
[Date "2009.06.01"]
[Round "5"]
[White "Glassywoman"]
[Black "alaskauk"]
[Result "0-1"]
[WhiteElo "1397"]
[BlackElo "1508"]
[Opening "Giuoco Pianissimo"]
[ECO "C50"]
[Time "10:00:45"]
[TimeControl "2700+45"]

1. e4 e5 2. Bc4 Nc6 3. Nf3 Bc5 4. d3 d6 5. Ng5 Be6 6. Bxe6 fxe6 7. Nxe6 Bxf2+ 8.
Kxf2 Qf6+ 9. Nf4 exf4 10. Rf1 Ne5 11. Kg1 O-O-O 12. Bxf4 Qg6 13. Bxe5 dxe5 14.
Nc3 Nf6 15. Qf3 Nd7 16. Nd5 Rde8 17. Qe3 Nb6 18. Qh3+ Kb8 19. Nxb6 Qxb6+ 20. Kh1
Qxb2 21. Rfc1 Re7 22. a4 Rf7 23. a5 Rhf8 24. g3 Rf2 25. a6 Rxc2 26. Rcb1 Qc3 27.
Qe6 Qd2 28. Rxb7+ Ka8 29. Qh3 Rc1+ 30. Rxc1 Qxc1+ 31. Kg2 Qf1# {White
checkmated} 0-1

[Event "Team 45 45 League T41"]
[Site "Internet Chess Club"]
[Date "2009.06.01"]
[Round "5"]
[White "malihini"]
[Black "Kalar-Yadwa"]
[Result "0-1"]
[WhiteElo "1237"]
[BlackElo "1378"]
[Opening "Caro-Kann: classical variation"]
[ECO "B18"]
[Time "16:20:19"]
[TimeControl "2700+45"]

1. e4 c6 2. d4 d5 3. Nc3 dxe4 4. Nxe4 Bf5 5. Ng3 Bg6 6. Nf3 Nd7 7. Bd3 Bxd3 8.
Qxd3 e6 9. Bg5 Be7 10. Bxe7 Qxe7 11. O-O-O O-O-O 12. Rhe1 Ngf6 13. Ne5 Nxe5 14.
Rxe5 Ng4 15. Nf5 Qg5+ 16. Rd2 Nxe5 17. Ne3 Nxd3+ 18. Rxd3 Rd7 {White resigns}
0-1